 Dungeon Crawl Stone Soup version 0.19-a0-645-gfd18b6f (webtiles) character file.

3432 FitzyFitz the Carver (level 10, -11/60 HPs)
             Began as a Tengu Gladiator on June 14, 2016.
             Was a Follower of Uskayaw.
             Mangled by an orc warrior
             ... wielding a +0 scimitar
              (22 damage)
             ... on level 7 of the Dungeon.
             The game lasted 00:25:45 (10656 turns).

FitzyFitz the Carver (Tengu Gladiator)             Turns: 10656, Time: 00:25:46

Health: -11/60     AC:  6    Str: 15    XL:     10   Next: 5%
Magic:  11/11      EV: 16    Int:  9    God:    Uskayaw [*.....]
Gold:   345        SH:  0    Dex: 18    Spells: 2 memorised, 6 levels left

rFire  . . .     SeeInvis .     a - +0 great sword
rCold  . . .     Gourm    .     L - +0 leather armour
rNeg   . . .     Faith    .     (shield currently unavailable)
rPois  .         Spirit   .     c - +2 hat
rElec  .         Dismiss  .     (no cloak)
rCorr  .         Reflect  .     u - +0 pair of gloves
SustAt .         Harm     +     (boots unavailable)
MR     .....                    w - amulet of harm
Stlth  ++++......               V - ring of wizardry
                                s - ring of stealth

@: not resistant to hostile enchantments, stealthy
A: beak, talons 3, able to fly 1
a: Fly, Stomp, Renounce Religion


You were on level 7 of the Dungeon.
You worshipped Uskayaw.
Uskayaw was aware of your devotion.
You were not hungry.

You visited 2 branches of the dungeon, and saw 9 of its levels.

You collected 345 gold pieces.

Inventory:

Hand Weapons
 a - a +0 great sword (weapon)
 b - a +1 hand crossbow of velocity
 i - a +1 long sword
 r - a +0 dagger of holy wrath
Missiles
 d - 2 throwing nets (quivered)
 p - 11 javelins
 Q - 24 bolts
Armour
 c - a +2 hat (worn)
 q - the cursed +0 ring mail of the Six Stars {rPois rF+, unknown}
   (You found it on level 8 of the Dungeon)

   It protects you from fire.
   It protects you from poison.
   It has a curse placed upon it.
 u - a +0 pair of gloves (worn)
 L - a +0 leather armour (worn)
Jewellery
 o - an uncursed amulet of magic regeneration
 s - a ring of stealth (left hand)
 w - an amulet of harm (around neck)
 y - an uncursed ring of teleportation
 V - a ring of wizardry (right hand)
Wands
 m - a wand of random effects (35/48)
 J - a wand of iceblast (8/15)
 S - a wand of lightning (6/15)
 T - a wand of enslavement (12/24)
 Z - a wand of flame (20/48)
Scrolls
 e - a scroll of teleportation
 l - a scroll of recharging
 C - a scroll of fear {unknown}
 D - a scroll of magic mapping
 G - a scroll of immolation {unknown}
 K - a scroll of remove curse
 U - a scroll of blinking {unknown}
 W - a scroll of enchant armour
 X - a scroll of amnesia {unknown}
Potions
 g - a potion of curing
 h - 2 potions of brilliance
 j - 2 potions of cancellation
 t - a potion of invisibility {unknown}
 E - a potion of resistance
 F - 2 potions of mutation
 H - 2 potions of degeneration {unknown}
 O - a potion of heal wounds {unknown}
Books
 v - a book of Spatial Translocations

   Spells                             Type                      Level
   a - Apportation                    Translocation                1
   b - Blink                          Translocation                2
   c - Shroud of Golubria             Charms/Translocation         2
   d - Portal Projectile              Translocation                3
   e - Teleport Other                 Translocation                3
   f - Passage of Golubria            Translocation                4
 R - a book of Conjurations

   Spells                             Type                      Level
   a - Magic Dart                     Conjuration                  1
   b - Searing Ray                    Conjuration                  2
   c - Dazzling Spray                 Conjuration/Hexes            3
   d - Fulminant Prism                Conjuration/Hexes            4
   e - Iskenderun's Mystic Blast      Conjuration                  4
   f - Iskenderun's Battlesphere      Conjuration/Charms           5
Comestibles
 f - 10 bread rations
 k - 2 meat rations
 n - 2 beef jerkies
 M - 3 royal jellies
 Y - 2 fruits


   Skills:
 + Level 6.2 Fighting
 * Level 12.1 Long Blades
 - Level 2.0 Throwing
 - Level 6.0 Dodging
 - Level 4.5 Stealth


You had 6 spell levels left.
You knew the following spells:

 Your Spells              Type           Power        Failure   Level  Hunger
a - Apportation           Tloc           #.........   24%         1    ##.....
b - Blink                 Tloc           N/A          43%         2    ###....


Dungeon Overview and Level Annotations

Branches:
Dungeon (8/15)             Temple (1/1) D:5
   Lair: D:8-11

Altars:
Ashenzari
Cheibriados
Dithmenos
Gozag
Hepliaklqana
Nemelex Xobeh
Pakellas
Ru
Trog
Uskayaw
Vehumet
The Shining One


Innate Abilities, Weirdness & Mutations

You have a beak for a mouth.
You have claws for feet.
You can fly.


Message History

The orc warrior is heavily wounded.
The orc warrior hits you with a scimitar!
* * * LOW HITPOINT WARNING * * *
Okay, then.
Unknown command.
Unknown command.
Okay, then.
Unknown command.
Unknown command.
Okay, then.
Unknown command.
You feel better. The orc warrior completely misses you.
There is a stone staircase leading up here.
The orc warrior hits you with a scimitar!
* * * LOW HITPOINT WARNING * * *
You climb upwards.
There is a stone staircase leading down here.
You feel better.
The orc warrior hits you with a scimitar!!
You die...

.##.# #.### #.#
.##.######...# #.#
.##..........# #.#
......[......# #.#
..#########.## #.#
..#########.#### #o#
...............# #.#
...########.##.######.#
...# #.##..@o.)..# ...#
#.########### ...# #.#
...# #.# ...# #.# ...#
#.# ..)# #.# ...# #.#
#..########.#


You could see an orc warrior.

Vanquished Creatures
  The ghost of mkbehr the Basher, a novice KoHu (D:6)
  An ice beast (D:5)
  A sky beast (D:7)
  A black bear (D:5)
  2 wasps
  3 ogres
  A phantom (D:8)
  3 centaurs
  2 big kobolds (D:8)
  Blork the orc (D:5)
  A giant frog (D:5)
  A gnoll sergeant (D:8)
  3 scorpions
  5 wights
  2 howler monkeys (D:6)
  A giant frog zombie (D:7)
  3 crimson imps
  4 hounds
  10 orc wizards
  A giant frog skeleton (D:8)
  2 orc priests
  2 jellies
  A gnoll shaman (D:6)
  Terence (D:3)
  2 worker ants
  An iguana (D:7)
  A hound zombie (D:6)
  A howler monkey zombie (D:6)
  A worker ant zombie (D:5)
  19 gnolls
  4 adders
  A shadow imp (D:5)
  2 oozes
  An adder skeleton (D:6)
  2 worms
  2 dart slugs
  5 giant geckos
  23 orcs
  7 bats (D:1)
  5 giant cockroaches
  8 goblins
  8 hobgoblins
  6 jackals
  8 quokkas
  2 ball pythons
  4 giant newts
  A jackal zombie (D:7)
  13 kobolds
  A quokka skeleton (D:4)
  10 rats
191 creatures vanquished.

Notes
Turn   | Place    | Note
--------------------------------------------------------------
     0 | D:1      | FitzyFitz the Tengu Gladiator began the quest for the Orb.
     0 | D:1      | Reached XP level 1. HP: 12/12 MP: 2/2
   164 | D:1      | Reached XP level 2. HP: 16/17 MP: 3/3
   190 | D:1      | Reached skill level 4 in Long Blades
   662 | D:1      | Reached XP level 3. HP: 21/21 MP: 4/4
   821 | D:2      | Found a glowing golden altar of the Shining One.
  1128 | D:2      | Reached skill level 5 in Long Blades
  1128 | D:2      | Reached XP level 4. HP: 26/26 MP: 5/5
  2294 | D:3      | Gained mutation: You can fly. [Tengu growth]
  2294 | D:3      | Reached XP level 5. HP: 27/30 MP: 6/6
  2939 | D:3      | Reached skill level 6 in Long Blades
  3193 | D:3      | Reached XP level 6. HP: 30/35 MP: 7/7
  3245 | D:3      | Noticed Terence
  3273 | D:3      | Killed Terence
  4024 | D:4      | Reached skill level 5 in Dodging
  4532 | D:4      | Found a sparkling altar of Nemelex Xobeh.
  4537 | D:4      | Reached skill level 7 in Long Blades
  4579 | D:4      | Reached XP level 7. HP: 39/40 MP: 8/8
  4914 | D:5      | Entered Level 5 of the Dungeon
  4975 | D:5      | Noticed Blork the orc
  4984 | D:5      | Killed Blork the orc
  5524 | D:5      | Reached skill level 8 in Long Blades
  5566 | D:5      | HP: 1/40 [ice beast (10)]
  5988 | D:5      | Reached XP level 8. HP: 45/45 MP: 9/9
  6144 | D:5      | Reached skill level 9 in Long Blades
  6233 | D:5      | Found a shattered altar of Ashenzari.
  6305 | D:5      | Found a staircase to the Ecumenical Temple.
  6485 | Temple   | Entered the Ecumenical Temple
  6492 | Temple   | Became a worshipper of Uskayaw the Reveler
  6586 | D:5      | Reached * piety under Uskayaw
  6592 | D:5      | Reached ** piety under Uskayaw
  6985 | D:6      | Noticed mkbehr's ghost (novice KoHu)
  7421 | D:6      | Found a glowing golden altar of the Shining One.
  7451 | D:6      | Reached skill level 1 in Stealth
  7526 | D:6      | Found an opulent altar of Gozag.
  7526 | D:6      | Found a sacrificial altar of Ru.
  7631 | D:6      | Reached skill level 10 in Long Blades
  7632 | D:6      | Reached *** piety under Uskayaw
  8139 | D:5      | Reached XP level 9. HP: 31/52 MP: 10/10
  8401 | D:6      | Killed mkbehr's ghost
  8802 | D:7      | Reached skill level 5 in Fighting
  8834 | D:7      | Reached skill level 11 in Long Blades
  9529 | D:7      | Found a radiant altar of Vehumet.
  9903 | D:8      | Found an opulent altar of Gozag.
  9924 | D:8      | Found an oddly glowing altar of Pakellas.
  9943 | D:8      | Got a bloodstained ring mail
 10054 | D:8      | Found a bloodstained altar of Trog.
 10059 | D:8      | Learned a level 1 spell: Apportation
 10062 | D:8      | Learned a level 2 spell: Blink
 10305 | D:8      | Reached skill level 12 in Long Blades
 10305 | D:8      | Reached XP level 10. HP: 60/60 MP: 11/11
 10656 | D:7      | Mangled by an orc warrior

Vault maps used:
D:1:      minmay_arrival_plants_in_alcoves
D:2:      wad_woods_settlement, lemuel_round_altar, first_bread,
          hangedman_decor_points
D:3:      kennysheep_generic_room_12, uniq_terence
D:4:      lemuel_doored_altar
D:5:      black_bear_nest_1, ashenzari_conservatory_becter,
          minmay_temple_entry_grid, uniq_blork_the_orc
D:6:      minitemple, basic_altar
D:7:      vehumet_crystals, minmay_crystal_room
D:8:      bloody_trog, nicolae_overflow_crystal_walls, basic_altar, uniq_erica
Temple:   circular_temple_pool_12

Skill      XL: |  1  2  3  4  5  6  7  8  9 |
---------------+----------------------------+-----
Long Blades    | 4 5 6 7 8 10 12 | 12.1
Dodging        | 4 5 6 |  6.0
Fighting       | 4 6 |  6.2
Stealth        | 2 4 |  4.5
Throwing       | |  2.0

Action                   |  1- 3 |  4- 6 |  7- 9 | 10-12 || total
-------------------------+-------+-------+-------+-------++-------
Melee: Long sword        |    67 |   167 |   198 |       ||   432
       Kick              |    18 |    46 |    89 |     2 ||   155
       Peck              |    12 |    33 |    54 |     3 ||   102
       Great sword       |       |       |    96 |     7 ||   103
 Fire: Hand crossbow     |       |       |    15 |    24 ||    39
       Shortbow          |       |       |     2 |       ||     2
Throw: Throwing net      |       |       |     2 |       ||     2
Invok: Stomp             |       |       |     2 |       ||     2
       Line Pass         |       |       |     1 |       ||     1
 Abil: Fly               |       |       |     1 |     1 ||     2
  Use: Scroll            |       |    13 |     9 |       ||    22
       Potion            |       |     3 |     7 |     2 ||    12
 Stab: Sleeping          |     1 |     2 |     7 |     1 ||    11
       Distracted        |       |     1 |       |       ||     1
       Paralysed         |       |       |     4 |       ||     4
       Held in net/web   |       |       |     1 |       ||     1
  Eat: Chunk             |     1 |     9 |     5 |       ||    15
       Pizza             |       |     1 |       |       ||     1
       Meat ration       |       |       |     3 |       ||     3
Armor: Leather armour    |    21 |    28 |    54 |     1 ||   104
       Skin              |       |       |     5 |       ||     5
Dodge: Dodged            |    76 |   125 |   200 |     9 ||   410
